 Dungeon Crawl Stone Soup version 0.30-a0-883-g5ad918d77d (webtiles) character file.

Game seed: 13920283017842447069

29 CowFu the Trooper (level 3, -1/41 HPs)
             Began as an Ogre Berserker on Mar 15, 2023.
             Was a Believer of Trog.
             Constricted to death by Sigmund (5 damage)
             ... on level 2 of the Dungeon.
             The game lasted 00:01:35 (967 turns).

CowFu the Trooper (Ogre Berserker)                   Turns: 967, Time: 00:01:36

Health: -1/41      AC:  3    Str: 23    XL:     3   Next: 16%
Magic:  3/3        EV:  7    Int:  8    God:    Trog [**....]
Gold:   40         SH:  0    Dex:  8    Spells: 2/2 levels left

rFire   + . .      SeeInvis .    a - +0 mace
rCold   + . .      Faith    .    (no shield)
rNeg    . . .      Spirit   .    b - +0 animal skin
rPois   +          Reflect  .    (helmet restricted)
rElec   +          Rampage  .    (no cloak)
rCorr   +                        (gloves unavailable)
Will    .....                    (boots unavailable)
Stlth   +                        (no amulet)
HPRegen 0.26/turn                (no ring)
MPRegen 0.08/turn                (no ring)

@: resistant, grasped by roots, constricted
A: large, unfitting armour, tough skin 1
a: Renounce Religion, Berserk, Trog's Hand


You were on level 2 of the Dungeon.
You worshipped Trog.
Trog was pleased with you.
You visited 1 branch of the dungeon, and saw 2 of its levels.

You collected 40 gold pieces.

Inventory:

Hand Weapons
 a - a +0 mace (weapon)
Armour
 b - a +0 animal skin (worn)
Scrolls
 c - 2 scrolls of identify {unknown}
 e - a scroll of poison {unknown}
 g - a scroll of silence {unknown}
Potions
 f - a potion of flight {unknown}


   Skills:
 + Level 4.8 Fighting
 + Level 3.3 Maces & Flails
 - Level 2.6 Dodging


You had 2 spell levels left.
You didn't know any spells.
Your spell library was empty.

Dungeon Overview and Level Annotations

Branches:
Dungeon (2/15)

Altars:

Annotations:
D:2 Sigmund


Innate Abilities, Weirdness & Mutations

You are too large for most types of armour.
You have tough skin. (AC +1)


Message History

You feel protected. Sigmund closely misses you.
The grasping roots constrict you.
You escape the roots grasp.
Found a stone staircase leading up.
You hit Sigmund but do no damage. Sigmund hits you with a +0 scythe!
You barely miss Sigmund. Sigmund barely misses you.
You thump Sigmund!
Sigmund is moderately wounded.
Sigmund gestures at you while chanting. You resist with some effort.
You hit Sigmund.
Sigmund is moderately wounded.
Sigmund barely misses you.
A hobgoblin comes into view.
The hobgoblin shouts!
You hit Sigmund.
Sigmund is heavily wounded.
You hear an angry hiss.
Sigmund barely misses you.
You barely miss Sigmund.
Sigmund is heavily wounded.
A ball python comes into view.
Sigmund zaps a wand.
The roots erupt in riotous growth!
The grasping roots grab you!
Sigmund is unaffected.
The grasping roots constrict you.
* * * LOW HITPOINT WARNING * * *
The ball python hisses angrily.
You hit Sigmund but do no damage.
Sigmund is heavily wounded.
A frilled lizard comes into view.
Sigmund hits you with a +0 scythe!
* * * LOW HITPOINT WARNING * * *
The grasping roots constrict you.
* * * LOW HITPOINT WARNING * * *
An endoplasm comes into view.
You hit Sigmund.
Sigmund is heavily wounded.
The frilled lizard unfolds its giant frill.
Sigmund casts a spell at you. You resist with some effort.
The grasping roots constrict you.
You die...

#...###.### #.##.
##.......# #.#..
#.J#..#### ##.#.#
[#####..##.....####.....
#......?#####........##<
#.#####.# #..####.###.
#l# # #.#... #.# ##...##
#@# #...## #@# #.....#.#
#g# ###..##.# .S. #...
#.# ... #.#. #.# .....
#.. ### ..... # ~
#...<.#


You could see Sigmund, an endoplasm, a hobgoblin, a ball python and a frilled
lizard.

Vanquished Creatures
  2 dart slugs (D:1)
  A ball python (D:1)
  2 endoplasms (D:1)
  A giant cockroach (D:1)
  2 goblins (D:1)
  4 hobgoblins (D:1)
  3 bats (D:1)
  2 frilled lizards (D:1)
  5 kobolds (D:1)
  3 rats
25 creatures vanquished.

Notes
Turn   | Place    | Note
-------+----------+-------------------------------------------
     0 | D:1      | CowFu the Ogre Berserker began the quest for the Orb.
     0 | D:1      | Reached XP level 1. HP: 24/24 MP: 1/1
   213 | D:1      | Reached XP level 2. HP: 30/33 MP: 2/2
   574 | D:1      | Reached ** piety under Trog
   575 | D:1      | Reached XP level 3. HP: 40/40 MP: 3/3
   954 | D:2      | Noticed Sigmund
   967 | D:2      | Constricted to death by Sigmund

Illustrated notes

Levels and vault maps discovered:
D:1:      kilobyte_arrival_exit_the_forest, layout_basic, hex_tiny
D:2:      layout_rooms, chequers_serial_rivers_micro_b,
          minmay_stone_trees_small, chequers_serial_rivers_large_b, uniq_sigmund

Skill      XL: |  1 |
---------------+----+-----
Maces & Flails | 3 |  3.3
Fighting       | |  4.8
Dodging        | |  2.6

Action                     || total
---------------------------++-------
  Melee: Mace              ||    85
    Use: Potion            ||     1
 Armour: Animal skin       ||    26
  Dodge: Dodged            ||    56

Table legend: (Time is in decaauts)
 A = Elapsed time spent in this place.
 B = Non-inter-level travel time spent in this place.
 C = Inter-level travel time spent in this place.
 D = Time resting spent in this place.
 E = Time spent auto-exploring this place.
 F = Levels seen in this place.
 G = Mean time per level.
                   A        B        C        D        E       F      G
               +--------+--------+--------+--------+--------+-----+--------+
         Total |    987 |    906 |     81 |      0 |    685 |   2 |  493.5 |
       Dungeon |    987 |    906 |     81 |      0 |    685 |   2 |  493.5 |
               +--------+--------+--------+--------+--------+-----+--------+

Top non-repeatable levels by time:
     D:1: 933 daAuts
     D:2: 54 daAuts
